 Dungeon Crawl Stone Soup version 0.28-a0-1506-g3893175d92 (webtiles) character file.

Game seed: 9271658046864908952

7599 Lekart the Fighter (level 10, -4/94 HPs)
             Began as a Black Draconian Fighter on Jan 13, 2022.
             Was the Champion of Jiyva.
             Engulfed by an ice statue's freezing vapour (8 damage)
             ... in an ice cave.
             The game lasted 00:16:58 (8648 turns).

Lekart the Fighter (Black Draconian Fighter)        Turns: 8648, Time: 00:16:59

Health: -4/94      AC: 14    Str: 23    XL:     10   Next: 97%
Magic:  10/10      EV: 17    Int: 13    God:    Jiyva [******]
Gold:   349        SH:  6    Dex: 17    Spells: 9/9 levels left

rFire   . . .      SeeInvis .   n - +3 dagger (venom)
rCold   . . .      Faith    .   b - +0 buckler
rNeg    . . .      Spirit   .   (armour unavailable)
rPois   .          Reflect  .   (helmet restricted)
rElec   +          Harm     .   d - +0 cloak of Memem {Str+4 Int+4 Dex+3}
rCorr   +          Rampage  .   (no gloves)
rMut    +                       l - +0 pair of boots
Will    .....                   (no amulet)
Stlth   +++.......              x - +4 ring of protection
HPRegen 2.65/turn               (no ring)
MPRegen 0.62/turn

@: slowed, studying Short Blades, very slow
A: breathe lightning, AC +7, unfitting armour, electricity resistance,
cold-blooded, mutation resistance 3, regeneration 1, gelatinous body 1,
pseudopods 3, translucent skin 1, jelly sensing items, MP-powered wands
a: Breathe Lightning, Renounce Religion, Oozemancy, Slimify


You were in an ice cave.
You worshipped Jiyva.
Jiyva was exalted by your worship.
You visited 3 branches of the dungeon, and saw 12 of its levels.
You also visited: Sewer, Ossuary and Ice Cave.

You collected 349 gold pieces.

Inventory:

Hand Weapons
 n - a +3 dagger of venom (weapon)
 u - a +2 battleaxe of flaming
 w - a +1 dagger of holy wrath
Missiles
 e - 2 throwing nets (quivered)
Armour
 b - a +0 buckler (worn)
 d - the +0 cloak of Memem (worn) {Str+4 Int+4 Dex+3}
   (You acquired it on level 6 of the Dungeon)

   Str:       It affects your strength (+4).
   Int:       It affects your intelligence (+4).
   Dex:       It affects your dexterity (+3).
 l - a +0 pair of boots (worn)
Jewellery
 i - an amulet of faith
 x - a +4 ring of protection (left hand)
Wands
 g - a wand of paralysis (6)
 o - a wand of flame (34)
Scrolls
 a - 6 scrolls of identify
 f - 3 scrolls of amnesia
 m - 7 scrolls of teleportation
 p - 2 scrolls of fog
 v - a scroll of summoning
Potions
 c - 6 potions of might
 h - 2 potions of curing
 j - 5 potions of brilliance
 k - 3 potions of haste
 q - a potion of resistance
 r - 3 potions of heal wounds
 s - a potion of magic
 t - 2 potions of invisibility


   Skills:
 * Level 10.4 Fighting
 + Level 9.5(10.8) Short Blades
 + Level 7.9(10.0) Long Blades
 + Level 0.6 Throwing
 + Level 7.8 Dodging
 + Level 7.0 Shields


You had 9 spell levels left.
You didn't know any spells.
Your spell library contained the following spells:

 Spells                   Type           Power      Damage    Failure   Level
 Static Discharge         Conj/Air       0%         N/A       52%         2
 Conjure Flame            Conj/Fire      0%         6-21      75%         3
 Ignite Poison            Fire/Tmut/Pois 0%         N/A       75%         3
 Stone Arrow              Conj/Erth      0%         3d7       75%         3
 Dispel Undead            Necr           0%         3d6       98%         4
 Sticky Flame             Conj/Fire      0%         2d3       98%         4
 Lehudib's Crystal Spear  Conj/Erth      0%         10d2      100%        8
 Animate Armour           Summ/Erth      Unusable   N/A       N/A         4

Dungeon Overview and Level Annotations

Branches:
Dungeon (9/15)             Temple (1/1) D:6            Lair (2/6) D:9
  Sewer (visited)         Ossuary (visited)           IceCv (1/1)
  Swamp: Lair:2-4    Shoals: Lair:2-4     Snake: Lair:2-4    Spider: Lair:2-4
    Orc: D:9-12

Altars:
Ashenzari
Cheibriados
Dithmenos
Elyvilon
Fedhas
Gozag
Hepliaklqana
Kikubaaqudgha
Makhleb
Nemelex Xobeh
Okawaru
Qazlal
Ru
Trog
Uskayaw
Vehumet
Wu Jian
Xom
Yredelemnul
Zin
The Shining One

Shops:
D:1 *

Annotations:
IceCv exclusion: ice statue


Innate Abilities, Weirdness & Mutations

You can breathe wild blasts of lightning.
Your glossy black scales are hard. (AC +7)
You cannot fit into any form of body armour.
You are resistant to electric shocks. (rElec)
You are cold-blooded and may be slowed by cold attacks.
You are almost entirely resistant to further mutation and mutation removal.
Your natural rate of healing is unusually fast.
Your rubbery body absorbs attacks. (AC +1, EV +1)
Armour fits poorly on your massive pseudopods.
Your translucent skin slightly reduces your foes' accuracy. (Stealth+)
You have a small jelly attached to you that senses nearby items.
You expend magic power (3 MP) to strengthen your wands.


Message History

The freezing blast engulfs you!
Found 17 sling bullets and 29 stones.
You are engulfed in freezing vapours.
You feel yourself slow down. The ice statue gestures at you.
You block the shard of ice.
You hit the ice statue but do no damage.
The ice statue is lightly damaged.
You are engulfed in freezing vapours.
You hit the ice statue.
You tail-slap the ice statue, but do no damage.
The ice statue is moderately damaged.
You are engulfed in freezing vapours.
You hit the ice statue.
The ice statue is moderately damaged.
You are engulfed in freezing vapours.
The ice statue gestures at you. The shard of ice misses you.
You hit the ice statue but do no damage.
You tail-slap the ice statue, but do no damage.
You bludgeon the ice statue, but do no damage.
The ice statue is moderately damaged.
You are engulfed in freezing vapours.
You feel as though you will be slow longer.
You barely miss the ice statue. Your bludgeon misses the ice statue.
The ice statue is moderately damaged.
You are engulfed in freezing vapours.
You hit the ice statue but do no damage.
The ice statue is moderately damaged.
You are engulfed in freezing vapours.
You feel as though you will be slow longer.
* * * LOW HITPOINT WARNING * * *
The ice statue gestures.
The ice statue gestures at you.
The freezing blast engulfs you but does no damage.
You are engulfed in freezing vapours.
You feel as though you will be slow longer.
* * * LOW HITPOINT WARNING * * *
You shudder from the blast and a jelly pops out!
You are engulfed in freezing vapours.
You die...

##.....##
#.......#
#.......#
#......(#
#).....?#
#)....![#
####.####
#.J.....#
#...@...#
#..°○☼..#
#..○○☼..#
#..°○☼..#
##.....##
##...##
##8##


YuY .YZZ. You could see an ice statue (ally target), a white ugly thing, 2 ice
beasts and a friendly rockslime (summoned).

Vanquished Creatures
  The ghost of Longtemps the Sneak, a novice OpFE (D:6)
  Joseph (D:8)
  A cane toad (Lair:1)
  A kobold demonologist (D:6)
  An anaconda simulacrum (IceCv)
  Prince Ribbit (D:5)
  A shadow (D:6)
  6 yaks
  2 steam dragons
  3 water moccasins
  An orc warrior (D:8)
  3 black bears
  An ogre (D:5)
  A centaur (D:8)
  5 bullfrogs
  A water moccasin zombie (D:5)
  3 scorpions
  A wyvern skeleton (D:7)
  A wyvern zombie (D:7)
  A water moccasin skeleton (D:6)
  3 howler monkeys
  3 hounds
  A bullfrog zombie (D:6)
  2 jellies (Sewer)
  3 orc priests
  2 gnoll shamans
  A bullfrog skeleton (D:6)
  6 iguanas
  2 human zombies (Ossuary)
  Jessica (D:2)
  12 orc wizards
  2 wolf simulacra (IceCv)
  2 hound skeletons
  5 mummies (Ossuary)
  2 howler monkey zombies
  Robin (D:3)
  10 gnolls
  A howler monkey skeleton (D:4)
  7 adders
  A river rat (Sewer)
  4 worms
  A dart slug (D:3)
  40 orcs
  7 ball pythons
  5 bats
  11 endoplasms
  5 giant cockroaches
  A gnoll zombie (Ossuary)
  14 goblins
  9 hobgoblins
  6 jackals
  A quokka (D:2)
  5 frilled lizards
  4 goblin zombies (Ossuary)
  6 kobolds (D:1)
  An orc zombie (Ossuary)
  4 rats
227 creatures vanquished.

Vanquished Creatures (collateral kills)
  Harold (D:8)
  2 ice statues (IceCv)
  A freezing wraith (IceCv)
  A shadow (D:8)
  A death yak simulacrum (IceCv)
  A cane toad simulacrum (IceCv)
  A giant cockroach (D:3)
  A quokka (D:3)
  A rat (D:3)
10 creatures vanquished.

Vanquished Creatures (others)
  Sigmund (D:3)
  A centaur (D:6)
  2 bullfrogs (Lair:1)
  A scorpion (D:6)
  3 killer bees (D:4)
  16 jellies
  2 gnolls (D:3)
  An adder (D:4)
  6 orcs
  2 bats
  An endoplasm (D:3)
  A giant cockroach (D:4)
  A hobgoblin (D:6)
  A kobold (D:6)
  2 quokkas
  5 ball pythons
  12 fungi
  11 plants
69 creatures vanquished.

Grand Total: 306 creatures vanquished

Notes
Turn   | Place    | Note
-------+----------+-------------------------------------------
     0 | D:1      | Lekart the Draconian Fighter began the quest for the Orb.
     0 | D:1      | Reached XP level 1. HP: 19/19 MP: 1/1
   170 | D:1      | Found Akenk's Assorted Antiques.
   303 | D:1      | Reached XP level 2. HP: 26/26 MP: 2/2
   434 | D:1      | Found a faded altar of an unknown god.
  1020 | D:1      | Reached XP level 3. HP: 31/31 MP: 3/3
  1184 | D:1      | Prayed at the altar of an unknown god.
  1184 | D:1      | Became a worshipper of Xom of Unknown Intention
  1356 | D:2      | XOM: silly message
  2018 | D:2      | Noticed Jessica
  2027 | D:2      | Killed Jessica
  2028 | D:2      | Reached XP level 4. HP: 37/40 MP: 4/4
  2203 | D:3      | Noticed Robin
  2408 | D:3      | XOM: enchant monster (good)
  2410 | D:3      | Gained mutation: You sometimes lose the ability to read
                  | scrolls when taking damage. [potion of mutation]
  2410 | D:3      | Gained mutation: Your body sometimes deteriorates upon
                  | taking damage. [potion of mutation]
  2437 | D:3      | Found a glowing drain.
  2441 | Sewer    | Entered a sewer
  2539 | Sewer    | XOM: give mutations
  2539 | Sewer    | Gained mutation: A frigid envelope surrounds you and
                  | freezes all who hurt you. [Xom's grace]
  2539 | Sewer    | Gained mutation: You passively dampen the noise of your
                  | surroundings. [Xom's grace]
  2714 | Sewer    | Reached XP level 5. HP: 46/46 MP: 5/5
  2814 | Sewer    | Reached skill level 4 in Fighting
  2814 | Sewer    | Found a viscous altar of Jiyva.
  2933 | Sewer    | Fell from the grace of Xom
  2933 | Sewer    | Became a worshipper of Jiyva Jeduu the Shapeless
  3005 | D:3      | Killed Robin
  3171 | D:2      | Reached XP level 6. HP: 38/52 MP: 6/6
  3317 | D:3      | Noticed Sigmund
  3323 | D:3      | Killed Sigmund
  3419 | D:3      | Found a faded altar of an unknown god.
  3450 | D:3      | Reached * piety under Jiyva
  3524 | D:3      | Found a stormy altar of Qazlal.
  3629 | D:4      | Reached skill level 5 in Long Blades
  3731 | D:4      | XOM: summons 6 hostile demons
  3786 | D:4      | XOM: summons 3 hostile shadow creatures
  3802 | D:4      | Reached ** piety under Jiyva
  4209 | D:5      | Entered Level 5 of the Dungeon
  4216 | D:5      | Your scales start taking on a glossy black colour.
  4216 | D:5      | Reached XP level 7. HP: 59/60 MP: 7/7
  4216 | D:5      | Gained mutation: You are resistant to electric shocks.
                  | (rElec) [Black Draconian growth]
  4263 | D:5      | Found a sand-covered staircase.
  4282 | Ossuary  | Entered an ossuary
  4456 | Ossuary  | Reached skill level 5 in Fighting
  4552 | D:5      | Lost mutation: You passively dampen the noise of your
                  | surroundings. [potion of mutation]
  4552 | D:5      | Lost mutation: You sometimes lose the ability to read
                  | scrolls when taking damage. [potion of mutation]
  4552 | D:5      | Lost mutation: A frigid envelope surrounds you and freezes
                  | all who hurt you. [potion of mutation]
  4552 | D:5      | Gained mutation: You expend magic power (3 MP) to
                  | strengthen your wands. [potion of mutation]
  4552 | D:5      | Gained mutation: You have hidden genetic potential. [potion
                  | of mutation]
  4705 | D:5      | Reached XP level 8. HP: 50/70 MP: 8/8
  4735 | D:5      | Reached *** piety under Jiyva
  4776 | D:5      | Reached skill level 6 in Fighting
  4878 | D:5      | XOM: noise
  4935 | D:5      | Noticed Prince Ribbit
  4957 | D:5      | Killed Prince Ribbit
  4961 | D:5      | Gained mutation: Your tail ends in a venomous barb. [hidden
                  | potential]
  4976 | D:5      | Lost mutation: Your tail ends in a venomous barb. [Jiyva's
                  | grace]
  4976 | D:5      | Lost mutation: Your body sometimes deteriorates upon taking
                  | damage. [Jiyva's grace]
  4976 | D:5      | Lost mutation: You have hidden genetic potential. [Jiyva's
                  | grace]
  4976 | D:5      | Gained mutation: Your natural rate of healing is unusually
                  | fast. [Jiyva's grace]
  4976 | D:5      | Gained mutation: You heal very quickly. [Jiyva's grace]
  4976 | D:5      | Gained mutation: You regenerate. [Jiyva's grace]
  4976 | D:5      | Gained mutation: Your translucent skin slightly reduces
                  | your foes' accuracy. (Stealth+) [Jiyva's grace]
  5222 | D:6      | Identified a scroll of acquirement
  5222 | D:6      | Acquired the +0 cloak of Memem {Str+4 Int+4 Dex+3}
  5314 | D:6      | Found a staircase to the Ecumenical Temple.
  5356 | D:6      | Reached skill level 7 in Fighting
  5356 | D:6      | Reached skill level 5 in Dodging
  5364 | D:6      | Reached skill level 5 in Shields
  5369 | Temple   | Entered the Ecumenical Temple
  5545 | D:6      | Reached skill level 1 in Short Blades
  5591 | D:6      | XOM: silly message
  5752 | D:6      | Reached **** piety under Jiyva
  5844 | D:6      | Reached XP level 9. HP: 79/79 MP: 9/9
  5955 | D:6      | Found a runed translucent door.
  5955 | D:6      | Noticed Longtemps's ghost (novice OpFE)
  5955 | D:6      | Noticed a kobold demonologist
  6005 | D:6      | Found a sacrificial altar of Ru.
  6152 | D:6      | Noticed a red devil
  6155 | D:6      | Killed a kobold demonologist
  6176 | D:6      | Killed Longtemps's ghost
  6248 | D:7      | Reached skill level 8 in Fighting
  6432 | D:7      | Reached ***** piety under Jiyva
  6452 | D:7      | Reached skill level 5 in Short Blades
  6545 | D:7      | XOM: give mutation
  6545 | D:7      | Lost mutation: You regenerate. [Xom's mischief]
  6923 | D:7      | XOM: noise
  6942 | D:8      | Lost mutation: You heal very quickly. [Jiyva's grace]
  6942 | D:8      | Gained mutation: You are somewhat resistant to further
                  | mutation. [Jiyva's grace]
  6942 | D:8      | Gained mutation: You are somewhat resistant to both further
                  | mutation and mutation removal. [Jiyva's grace]
  6942 | D:8      | Gained mutation: You are almost entirely resistant to
                  | further mutation and mutation removal. [Jiyva's grace]
  6942 | D:8      | Gained mutation: You have a small jelly attached to you
                  | that senses nearby items. [Jiyva's grace]
  6972 | D:8      | Found a white marble altar of Elyvilon.
  7159 | D:8      | Noticed Harold
  7169 | D:8      | Killed Harold
  7170 | D:8      | Reached XP level 10. HP: 64/90 MP: 8/10
  7277 | D:8      | Reached skill level 9 in Fighting
  7415 | D:8      | Noticed Joseph
  7458 | D:8      | Killed Joseph
  7584 | D:9      | Found a staircase to the Lair.
  7710 | Lair:1   | Entered Level 1 of the Lair of Beasts
  8118 | Lair:1   | Noticed a cane toad
  8136 | Lair:1   | Killed a cane toad
  8137 | Lair:1   | Reached skill level 10 in Fighting
  8376 | Lair:2   | Reached ****** piety under Jiyva
  8381 | Lair:2   | Noticed a cane toad
  8384 | Lair:2   | Noticed a cane toad
  8387 | Lair:2   | Gained mutation: Armour fits poorly on your pseudopods.
                  | [Jiyva's grace]
  8387 | Lair:2   | Gained mutation: Armour fits poorly on your large
                  | pseudopods. [Jiyva's grace]
  8387 | Lair:2   | Gained mutation: Armour fits poorly on your massive
                  | pseudopods. [Jiyva's grace]
  8387 | Lair:2   | Gained mutation: Your rubbery body absorbs attacks. (AC +1,
                  | EV +1) [Jiyva's grace]
  8393 | Lair:2   | Found a frozen archway.
  8402 | IceCv    | Entered an ice cave
  8430 | IceCv    | Noticed an ice statue
  8464 | IceCv    | Noticed an ice statue
  8465 | IceCv    | Noticed an ice statue
  8467 | IceCv    | Killed an ice statue
  8474 | IceCv    | Noticed a white ugly thing
  8474 | IceCv    | Killed an ice statue
  8647 | IceCv    | HP: 1/94 [ice statue] (35)]
  8648 | IceCv    | Engulfed by an ice statue's freezing vapour

Illustrated notes

Levels and vault maps discovered:
D:1:      dpeg_arrival_simpleton_b, layout_loops_ring, serial_shops, shop,
          dreamdust_ecumenical_altar_grove
D:2:      layout_basic, uniq_jessica
D:3:      layout_rooms, nicolae_overflow_ecumenical_swirl, gup_sewer_entry_bowl,
          uniq_robin, uniq_sigmund
D:4:      layout_basic
D:5:      minmay_skewed_foursquare, layout_cave_pools,
          nicolae_ossuary_entry_monument, kennysheep_donut, uniq_prince_ribbit1
D:6:      layout_loops_ring, nicolae_ru_great_annihilating_truth,
          minmay_temple_entry_ruins, ebering_ghost_inner_flame,
          kennysheep_small_square
D:7:      layout_loops_cross
D:8:      layout_basic, elyvilon_altar_5, uniq_joseph, uniq_harold
D:9:      layout_rooms, lair_entry_dummy, david_orc_3,
          nicolae_elevator_lobby_asterisk
Temple:   regret_index_temple_mists
Lair:1:   layout_gridlike, chequers_serial_rivers_room_a
Lair:2:   layout_layer_cave, portal_ice_cave_rime, nzn_sisyphean_effort,
          infiniplex_staircase_pool, grunt_megastairs_2, uniq_maggie
IceCv:    ice_cave_statue_garden_chambered

Skill      XL: |  1  2  3  4  5  6  7  8  9 10 |
---------------+-------------------------------+-----
Dodging        | 3 4 5 6 7 |  7.8
Long Blades    | 3 4 5 6 7 |  7.9
Fighting       | 4 5 7 8 10 | 10.4
Shields        | 4 5 7 |  7.0
Short Blades   | 1 7 9 |  9.5
Throwing       | |  0.6

Action                   |  1- 3 |  4- 6 |  7- 9 | 10-12 || total
-------------------------+-------+-------+-------+-------++-------
Melee: Long sword        |   112 |   141 |   150 |       ||   403
       Tailslap          |     8 |    21 |    74 |    53 ||   156
       Dagger            |       |       |   276 |   268 ||   544
       Pseudopods        |       |       |       |    18 ||    18
Throw: Dart              |    16 |     2 |       |       ||    18
 Abil: Breathe Lightning |       |       |     2 |       ||     2
Evoke: Wand              |       |       |     1 |     6 ||     7
  Use: Potion            |       |     4 |     3 |       ||     7
       Scroll            |       |       |    15 |     1 ||    16
 Stab: Sleeping          |       |       |     5 |     1 ||     6
       Distracted        |       |       |       |     1 ||     1
Armor: Skin              |    42 |    57 |   126 |    80 ||   305
Dodge: Dodged            |   103 |   113 |   255 |   131 ||   602
Block: Buckler           |    30 |    34 |    93 |    64 ||   221

Table legend: (Time is in decaauts)
 A = Elapsed time spent in this place.
 B = Non-inter-level travel time spent in this place.
 C = Inter-level travel time spent in this place.
 D = Time resting spent in this place.
 E = Time spent auto-exploring this place.
 F = Levels seen in this place.
 G = Mean time per level.
                   A        B        C        D        E       F      G
               +--------+--------+--------+--------+--------+-----+--------+
         Total |   8648 |   8308 |    340 |    562 |   5714 |  15 |  576.5 |
       Dungeon |   6714 |   6409 |    305 |    256 |   4657 |   9 |  746.0 |
        Temple |    212 |    187 |     25 |      0 |    168 |   1 |  212.0 |
          Lair |    664 |    654 |     10 |      0 |    516 |   2 |  332.0 |
         Sewer |    599 |    599 |      0 |    204 |    250 |   1 |  599.0 |
       Ossuary |    227 |    227 |      0 |      0 |    123 |   1 |  227.0 |
      Ice Cave |    230 |    230 |      0 |    102 |      0 |   1 |  230.0 |
               +--------+--------+--------+--------+--------+-----+--------+

Top non-repeatable levels by time:
     D:2: 1327 daAuts
     D:1: 1261 daAuts
     D:6: 823 daAuts
     D:5: 777 daAuts
     D:7: 689 daAuts
   Sewer: 599 daAuts
  Lair:1: 597 daAuts
     D:4: 591 daAuts
     D:8: 545 daAuts
     D:3: 542 daAuts
   IceCv: 230 daAuts
 Ossuary: 227 daAuts
  Temple: 212 daAuts
     D:9: 156 daAuts
  Lair:2: 66 daAuts
